 Dungeon Crawl Stone Soup version 0.27.1-3-gb3d3a73c9e (webtiles) character file.

Game seed: 14974579659542553708

306 Elvor the Conjurer (level 6, -2/35 HPs)
             Began as a Deep Elf Conjurer on Oct 19, 2021.
             Slain by a scorpion (6 damage)
             ... on level 4 of the Dungeon.
             The game lasted 00:19:10 (2015 turns).

Elvor the Conjurer (Deep Elf Conjurer)              Turns: 2015, Time: 00:19:11

Health: -2/35      AC:  4    Str:  4    XL:     6   Next: 16%
Magic:  7/14       EV: 11    Int: 25    God:
Gold:   145        SH:  0    Dex: 13    Spells: 7/14 levels left

rFire    . . .     SeeInvis .   b - +0 dagger
rCold    . . .     Faith    .   (no shield)
rNeg     . . .     Spirit   .   i - +0 leather armour
rPois    .         Reflect  .   (no helmet)
rElec    .         Harm     .   (no cloak)
rCorr    .         Rampage  .   (no gloves)
Will     .....                  k - +0 pair of boots
Stlth    ++........             (no amulet)
HPRegen  0.11/turn              (no ring)
MPRegen  0.14/turn              (no ring)

@: lethally poisoned (-2 -> -17)
A: no striking features
a: no special abilities


You were on level 4 of the Dungeon.
You visited 1 branch of the dungeon, and saw 4 of its levels.

You collected 145 gold pieces.

Inventory:

Hand Weapons
 b - a +0 dagger (weapon)
Missiles
 f - 20 stones
 g - 16 poisoned darts
 s - 21 sling bullets
Armour
 i - a +0 leather armour (worn)
 k - a +0 pair of boots (worn)
Scrolls
 a - a scroll of magic mapping {unknown}
 d - 3 scrolls of noise
 h - 2 scrolls of vulnerability {unknown}
 o - a scroll of teleportation {unknown}
 p - a scroll of enchant weapon {unknown}
 q - 2 scrolls of amnesia {unknown}
Potions
 c - 2 potions of curing
 e - 2 potions of attraction
 j - 2 potions of flight
 l - a potion of might
 n - a potion of lignification {unknown}
 r - a potion of haste {unknown}


   Skills:
 * Level 1.9 Fighting
 + Level 1.4 Short Blades
 + Level 0.6 Throwing
 + Level 0.9 Armour
 + Level 3.1 Dodging
 + Level 3.2 Stealth
 + Level 4.5 Spellcasting
 + Level 5.9 Conjurations


You had 7 spell levels left.
You knew the following spells:

 Your Spells              Type           Power      Damage    Failure   Level
a - Magic Dart            Conj           100%       1d8       1%          1
b - Searing Ray           Conj           70%        3d5       1%          2
c - Iskenderun's Mystic   Conj/Tloc      20%        2d6       41%         4

Your spell library contained the following spells:

 Spells                   Type           Power      Damage    Failure   Level
 Dazzling Flash           Conj/Hex       40%        N/A       13%         3
 Fulminant Prism          Conj/Hex       10%        3d9       41%         4


Dungeon Overview and Level Annotations

Branches:
Dungeon (4/15)
 Temple: D:4-7

Altars:
Dithmenos
Hepliaklqana
Makhleb
Nemelex Xobeh
Okawaru
Qazlal
Wu Jian

Shops:
D:1 *


Message History

(Press . to maintain the ray.)
The hound barely misses you.
The searing ray hits the hound!
The hound is heavily wounded.
The hound bites you but does no damage.
The searing ray hits the hound!
You kill the hound!
A scorpion comes into view.
You see here a hound corpse.
Throw: 18 darts (poison)
Press: ? - help, Q - select action, (/) - cycle Shift-Dir - straight line, f - scorpion
Aim: a scorpion (wandering, hasn't noticed you, 56% to hit)
You throw a poisoned dart.
The poisoned dart completely misses the scorpion.
Throw: 17 darts (poison)
Press: ? - help, Q - select action, (/) - cycle Shift-Dir - straight line, f/p - scorpion
Aim: a scorpion (56% to hit)
You throw a poisoned dart.
The poisoned dart completely misses the scorpion.
Aiming: Searing Ray (safe; 1% risk of failure)
Press: ? - help, Q - select action, (/) - cycle Shift-Dir - straight line, f/p - scorpion
Aim: a scorpion (81% to hit)
The searing ray misses the scorpion. (Press . to maintain the ray.)
The scorpion stings you.
* * * LOW HITPOINT WARNING * * *
You are lethally poisoned!
The scorpion poisons you!
You feel better. The scorpion stings you!
* * * LOW HITPOINT WARNING * * *
Aiming: Searing Ray (safe; 1% risk of failure)
Press: ? - help, Q - select action, (/) - cycle Shift-Dir - straight line, f/p - scorpion
Aim: a scorpion (81% to hit)
The searing ray misses the scorpion. (Press . to maintain the ray.)
The scorpion stings you.
* * * LOW HITPOINT WARNING * * *
You are lethally poisoned!
The scorpion poisons you! The scorpion stings you.
You die...

. .. ... (...
...(.
.....(##########
#(...†s@.....#
############.#
#.# #.# #.# #.#
#.# #.# .## #.#
...


You could see a scorpion.

Vanquished Creatures
  A centaur (D:4)
  A scorpion (D:4)
  A hound (D:4)
  An iguana (D:4)
  A howler monkey skeleton (D:3)
  5 adders
  2 worms
  A dart slug (D:2)
  5 ball pythons
  6 bats
  3 endoplasms
  2 giant cockroaches (D:4)
  7 goblins
  5 hobgoblins
  4 kobolds
  4 frilled lizards
  3 rats
52 creatures vanquished.

Notes
Turn   | Place    | Note
-------+----------+-------------------------------------------
     0 | D:1      | Elvor the Deep Elf Conjurer began the quest for the Orb.
     0 | D:1      | Reached XP level 1. HP: 10/10 MP: 6/6
    59 | D:1      | Found Zefeem's Assorted Antiques.
   143 | D:1      | Reached XP level 2. HP: 15/15 MP: 0/8
   146 | D:1      | Learned a level 2 spell: Searing Ray
   253 | D:1      | Noticed a golden eye
   260 | D:1      | Found a faded altar of an unknown god.
   260 | D:1      | Noticed a great orb of eyes
   265 | D:1      | Noticed a great orb of eyes
   274 | D:1      | Noticed a shining eye
   479 | D:2      | Reached skill level 5 in Conjurations
   516 | D:2      | Found a burning altar of Makhleb.
   524 | D:2      | Reached XP level 3. HP: 20/20 MP: 2/9
  1328 | D:3      | Found a shadowy altar of Dithmenos.
  1437 | D:3      | Reached skill level 1 in Fighting
  1437 | D:3      | Reached skill level 1 in Short Blades
  1437 | D:3      | Reached XP level 4. HP: 25/25 MP: 7/11
  1476 | D:3      | Found a stormy altar of Qazlal.
  1479 | D:3      | Found a sparkling altar of Nemelex Xobeh.
  1480 | D:3      | Found an ornate altar of the Wu Jian Council.
  1482 | D:3      | Found a hazy altar of Hepliaklqana.
  1669 | D:4      | Noticed a scorpion
  1676 | D:4      | Killed a scorpion
  1677 | D:4      | Reached XP level 5. HP: 29/29 MP: 9/12
  1702 | D:4      | Noticed a centaur
  1709 | D:4      | Killed a centaur
  1749 | D:4      | Found an iron altar of Okawaru.
  1815 | D:4      | Found a burning altar of Makhleb.
  1952 | D:4      | Reached XP level 6. HP: 5/35 MP: 7/14
  1973 | D:4      | Learned a level 4 spell: Iskenderun's Mystic Blast
  2015 | D:4      | Slain by a scorpion

Illustrated notes

Levels and vault maps discovered:
D:1:      minmay_arrival_four_houses, layout_rooms,
          hellmonk_ecumenical_altar_watching_god, serial_shops,
          nicolae_diamond_shop, chequers_serial_rivers_small_3
D:2:      layout_loops_ring, basic_altar, minivault_5
D:3:      layout_basic, nicolae_dithmenos_the_darkroom,
          grunt_temple_overflow_open
D:4:      layout_basic, okawaru_trees_1, mainiacjoe_overflow_surrounded_room

Skill      XL: |  1  2  3  4  5 |
---------------+----------------+-----
Conjurations   | 5 |  5.9
Fighting       | 1 |  1.9
Short Blades   | 1 |  1.4
Dodging        | 3 |  3.1
Stealth        | 3 |  3.2
Spellcasting   | 4 |  4.5
Throwing       | |  0.6
Armour         | |  0.9

Action                   |  1- 3 |  4- 6 || total
-------------------------+-------+-------++-------
Melee: Dagger            |     8 |       ||     8
Throw: Dart              |     3 |    10 ||    13
 Cast: Magic Dart        |    61 |    15 ||    76
       Searing Ray       |     4 |    10 ||    14
  Use: Scroll            |       |     5 ||     5
       Potion            |       |     1 ||     1
Armor: Robe              |     3 |       ||     3
       Leather armour    |       |     1 ||     1
Dodge: Dodged            |    11 |     3 ||    14
